 Dungeon Crawl Stone Soup version 0.30-a0-557-ge2afbf3030 (webtiles) character file.

Game seed: 10767271103082116136

0 tsouns the Sneak (level 1, -1/19 HPs)
             Began as a Minotaur Delver on Dec 27, 2022.
             Succumbed to a scorpion's poison
             ... on level 5 of the Dungeon.
             The game lasted 00:00:28 (21 turns).

tsouns the Sneak (Minotaur Delver)                    Turns: 21, Time: 00:00:29

Health: -1/19      AC:  3    Str: 16    XL:     1   Next: 0%
Magic:  0/0        EV: 11    Int:  7    God:
Gold:   8          SH:  0    Dex: 11    Spells: 0/0 levels left

rFire   . . .      SeeInvis .    a - +0 hand axe
rCold   . . .      Faith    .    (no shield)
rNeg    . . .      Spirit   .    b - +0 leather armour
rPois   .          Reflect  .    (helmet restricted)
rElec   .          Harm     .    (no cloak)
rCorr   .          Rampage  .    (no gloves)
Will    .....                    (no boots)
Stlth   ++                       (no amulet)
HPRegen 0.23/turn                (no ring)
MPRegen 0.07/turn                (no ring)

@: lethally poisoned (-1 -> -17), hasted, very quick
A: horns 2, retaliatory headbutt
a: no special abilities


You were on level 5 of the Dungeon.
You visited 1 branch of the dungeon, and saw 1 of its levels.

You collected 8 gold pieces.

Inventory:

Hand Weapons
 a - a +0 hand axe (weapon)
Armour
 b - a +0 leather armour (worn)
Wands
 g - a wand of digging (3)
Scrolls
 c - a scroll of fog
 d - a scroll of magic mapping
 e - a scroll of fear
 h - a scroll of enchant weapon {unknown}


   Skills:
 + Level 3.6 Fighting
 + Level 2.4 Axes
 - Level 2.1 Dodging
 - Level 4.1 Stealth


You couldn't memorise any spells.
You didn't know any spells.
Your spell library was empty.

Dungeon Overview and Level Annotations

Branches:
Dungeon (5/15)
 Temple: D:4-7

Altars:


Innate Abilities, Weirdness & Mutations

You have a pair of horns on your head.
You reflexively headbutt those who attack you in melee.


Message History

Press ? for a list of commands and other information.
Found 19 gold pieces, a scroll labelled LAISOSYAT, a scale mail and a robe.
Found a stone staircase leading down and a stone staircase leading up.
Found a stone staircase leading down and a stone staircase leading up.
h - a scroll labelled LAISOSYAT You now have 8 gold pieces.
A scorpion comes into view.
A quokka comes into view.
You feel yourself speed up.
You hit the scorpion but do no damage.
The scorpion stings you but does no damage.
You hit the scorpion. Your headbutt misses the scorpion.
The scorpion is lightly wounded.
The scorpion stings you.
You are poisoned.
The scorpion poisons you!
You hit the scorpion. You headbutt the scorpion.
The scorpion is severely wounded.
You feel very sick. The scorpion stings you.
You are lethally poisoned!
The scorpion poisons you!
You hit the scorpion but do no damage.
You headbutt the scorpion, but do no damage.
The scorpion is severely wounded.
You feel very sick. The scorpion stings you.
You are too injured to fight recklessly!
You hit the quokka.
The quokka is severely wounded.
You hit the scorpion.
* * * LOW HITPOINT WARNING * * *
You feel very sick. The scorpion barely misses you.
The quokka bites you but does no damage.
Unknown command.
You hit the quokka.
You kill the quokka!
You hit the scorpion but do no damage.
You die...

### ###..........#
##...#>...........#
#.................#
#..................#
#..................#
#..................#
##.................#
#[....<...........#
...........@[$.......
#......>..s.......#..
.........$.......#..
.............##
............##
..............
...............
...............


You could see a scorpion.

Vanquished Creatures
  A quokka (D:5)
1 creature vanquished.

Notes
Turn   | Place    | Note
-------+----------+-------------------------------------------
     0 | D:5      | tsouns the Minotaur Delver began the quest for the Orb.
     0 | D:5      | Reached XP level 1. HP: 19/19 MP: 0/0
    11 | D:5      | Noticed a scorpion
    21 | D:5      | Succumbed to a scorpion's poison

Illustrated notes

Levels and vault maps discovered:
D:5:      layout_rooms, serial_glass, glass_columns_c, glass_columns_c,
          chequers_serial_rivers_micro_e

Action                   || total
-------------------------++-------
Melee: Hand axe          ||     6
       Headbutt          ||     2
  Use: Potion            ||     1
Armor: Leather armour    ||     2
Dodge: Dodged            ||     1

Table legend: (Time is in decaauts)
 A = Elapsed time spent in this place.
 B = Non-inter-level travel time spent in this place.
 C = Inter-level travel time spent in this place.
 D = Time resting spent in this place.
 E = Time spent auto-exploring this place.
 F = Levels seen in this place.
 G = Mean time per level.
                   A        B        C        D        E       F      G
               +--------+--------+--------+--------+--------+-----+--------+
         Total |     19 |     19 |      0 |      0 |      9 |   1 |   19.0 |
       Dungeon |     19 |     19 |      0 |      0 |      9 |   1 |   19.0 |
               +--------+--------+--------+--------+--------+-----+--------+

Top non-repeatable levels by time:
     D:5: 19 daAuts
